 Dungeon Crawl Stone Soup version 0.32-a0-391-gce5c0aab1b (webtiles) character file.

Game seed: 6378777045761954869

22 seren the Charlatan (level 2, 0/21 HPs)
             Began as a Coglin Artificer on Feb 19, 2024.
             Slain by an adder (2 damage)
             ... on level 1 of the Dungeon.
             The game lasted 00:01:37 (695 turns).

seren the Charlatan (Coglin Artificer)               Turns: 695, Time: 00:01:38

Health: 0/21       AC:  3    Str: 12    XL:     2   Next: 91%
Magic:  2/2        EV: 11    Int: 10    God:
Gold:   36         SH:  0    Dex: 14    Spells: 1/1 levels left

rFire   . . .        m - +0 dagger {Mei}
rCold   . . .        j - +0 mace {Constanze}
rNeg    . . .        b - +0 leather armour
rPois   .            (no helmet)
rElec   .            (no cloak)
rCorr   .            (no gloves)
SInv    .            (no boots)
Will    .....        (no amulet)
Stlth   +            (no ring)
HPRegen 0.23/turn    (no ring)
MPRegen 0.08/turn

%: no passive effects
@: lethally poisoned (0 -> -3), revved, stiff-legged, very slow
A: off-hand wielding, slow wielding, warmup strikes, warmup strides
a: no special abilities


You were on level 1 of the Dungeon.
You visited 1 branch of the dungeon, and saw 2 of its levels.

You collected 36 gold pieces.

Inventory:

Hand Weapons
 a - a +0 dagger
 j - a +0 mace (worn) {Constanze}
 m - a +0 dagger (weapon) {Mei}
Armour
 b - a +0 leather armour (worn)
Wands
 c - a wand of flame (15) (quivered)
 d - a wand of charming (15)
 e - a wand of iceblast (5)
Scrolls
 g - a scroll of torment {unknown}
 h - 2 scrolls of poison {unknown}
 i - a scroll of fear {unknown}
 k - a scroll of vulnerability {unknown}


   Skills:
 + Level 1.4 Fighting
 + Level 2.0 Armour
 + Level 1.3 Dodging
 + Level 1.2 Stealth
 + Level 4.3 Evocations


You had one spell level left.
You didn't know any spells.
Your spell library was empty.

Dungeon Overview and Level Annotations

Branches:
Dungeon (2/15)

Altars:


Innate Abilities, Weirdness & Mutations

You can wield a second weapon in your off-hand.
It takes a long time for you to wield or remove held weapons.
Your first few attacks do less damage.
Your first movements take longer.


Message History

The ball python closely misses you.
There is a stone staircase leading up here.
The ball python closely misses you. The ball python grabs you.
You stop ascending the stairs.
The ball python constricts you. The adder barely misses you.
You escape the ball python's grasp.
The adder bites you but does no damage. The ball python bites you.
* * * LOW HITPOINT WARNING * * *
The ball python barely misses you.
You climb upwards.
There is a stone staircase leading down here.
It was a potion of curing.
You feel better. The adder barely misses you. The ball python bites you.
* * * LOW HITPOINT WARNING * * *
The ball python barely misses you. The adder closely misses you.
You closely miss the ball python with your +0 mace.
You hit the ball python with your +0 dagger.
The ball python bites you.
* * * LOW HITPOINT WARNING * * *
The ball python barely misses you. The adder barely misses you.
You closely miss the ball python with your +0 mace.
The ball python is severely wounded.
You hit the ball python but do no damage.
The ball python bites you but does no damage.
The ball python grabs you. The ball python constricts you.
* * * LOW HITPOINT WARNING * * *
The adder bites you.
* * * LOW HITPOINT WARNING * * *
The ball python bites you but does no damage.
The ball python constricts you. The adder bites you.
* * * LOW HITPOINT WARNING * * *
You are lethally poisoned!
The adder poisons you!
You hit the ball python but do no damage.
The ball python is severely wounded.
You hit the ball python with your +0 mace.
You kill the ball python!
* * * LOW HITPOINT WARNING * * *
You feel sick. The adder bites you.
You die...

##### #...#
#####...#
........#
........#
........#
........#
........##########
...............†@#
################S#
# #.# #### #.#
...# #.# ...# #.#
...# #.# ...# #.#
...#### #.#


You could see an adder.

Vanquished Creatures
  An endoplasm (D:1)
  2 giant cockroaches (D:1)
  2 hobgoblins
  A quokka (D:1)
  A ball python (D:1)
  2 bats (D:1)
  3 frilled lizards (D:1)
  2 rats (D:1)
14 creatures vanquished.

Notes
Turn   | Place    | Note
-------+----------+-------------------------------------------
     0 | D:1      | seren the Coglin Artificer began the quest for the Orb.
     0 | D:1      | Reached XP level 1. HP: 15/15 MP: 1/1
    45 | D:1      | Reached skill level 1 in Dodging
    62 | D:1      | Reached skill level 1 in Stealth
    66 | D:1      | Reached XP level 2. HP: 10/21 MP: 2/2
   690 | D:2      | HP: 1/21 [ball python (3)]
   695 | D:1      | Slain by an adder

Illustrated notes

Levels and vault maps discovered:
D:1:      lemuel_arrival_funnel, layout_basic
D:2:      layout_rooms, serial_shops, nicolae_shop_tiny_statue_garden

Skill      XL: |  1  2 |
---------------+-------+-----
Dodging        | 1 |  1.3
Stealth        | 1 |  1.2
Armour         | 2 |  2.0
Fighting       | |  1.4
Evocations     | |  4.3

Action                     || total
---------------------------++-------
  Melee: Club              ||    14
         Spear             ||    15
         Mace              ||    14
         Dagger            ||    11
    Use: Potion            ||     1
   Stab: Sleeping          ||     1
 Armour: Leather armour    ||    37
  Dodge: Dodged            ||    27

Table legend: (Time is in decaauts)
 A = Elapsed time spent in this place.
 B = Non-inter-level travel time spent in this place.
 C = Inter-level travel time spent in this place.
 D = Time resting spent in this place.
 E = Time spent auto-exploring this place.
 F = Levels seen in this place.
 G = Mean time per level.
                   A        B        C        D        E       F      G
               +--------+--------+--------+--------+--------+-----+--------+
         Total |    727 |    666 |     61 |     44 |    440 |   2 |  363.5 |
       Dungeon |    727 |    666 |     61 |     44 |    440 |   2 |  363.5 |
               +--------+--------+--------+--------+--------+-----+--------+

Top non-repeatable levels by time:
     D:1: 699 daAuts
     D:2: 28 daAuts
